 Dungeon Crawl Stone Soup version 0.30.1-11-g7821555f0a (webtiles) character file.

Game seed: 2730088726324545485

651 hawla the Firebug (level 8, 0/59 HPs)
             Began as a Meteoran Fire Elementalist on Jan 13, 2024.
             Slain by a bullfrog (8 damage)
             ... on level 5 of the Dungeon on Jan 14, 2024.
             The game lasted 00:08:41 (1943 turns).

hawla the Firebug (Meteoran Fire Elementalist)      Turns: 1943, Time: 00:08:41

Health: 0/59       AC:  3    Str:  9    XL:     8   Next: 10%
Magic:  11/17      EV: 13    Int: 18    God:
Gold:   90         SH:  0    Dex: 16    Spells: 10/17 levels left

rFire   . . .        h - +2 short sword (freeze)
rCold   . . .        (no shield)
rNeg    . . .        a - +1 robe
rPois   +            (no helmet)
rElec   .            (no cloak)
rCorr   .            (no gloves)
SInv    .            (no boots)
Will    +....        (no amulet)
Stlth   +            i - ring of poison resistance
HPRegen 0.29/turn    (no ring)
MPRegen 0.15/turn

%: no passive effects
@: glowing
A: sense surroundings 1, otherworldly, glowing, explore regen
a: no special abilities


You were on level 5 of the Dungeon.
You visited 1 branch of the dungeon, and saw 5 of its levels.

You collected 180 gold pieces.
You spent 90 gold pieces at shops.

Inventory:

Hand Weapons
 h - a +2 short sword of freezing (weapon)
Armour
 a - a +1 robe (worn)
Jewellery
 i - a ring of poison resistance (left hand)
Wands
 f - a wand of iceblast (11) (quivered)
 g - a wand of paralysis (7)
Scrolls
 e - 3 scrolls of poison
 j - a scroll of teleportation {unknown}
 k - 4 scrolls of identify
Potions
 b - a potion of resistance {unknown}
 c - 4 potions of curing
 l - a potion of attraction {unknown}


   Skills:
 + Level 1.3 Fighting
 + Level 0.1 Short Blades
 + Level 3.6 Dodging
 - Level 1.4 Stealth
 + Level 5.4 Spellcasting
 + Level 4.6 Conjurations
 + Level 6.1 Fire Magic
 + Level 3.0 Evocations


You had 10 spell levels left.
You knew the following spells:

 Your Spells              Type           Power      Damage    Failure   Level
a - Foxfire               Conj/Fire      96%        2x1d8     1%          1
b - Scorch                Fire           52%        2d7       1%          2
c - Flame Wave            Conj/Fire      24%        2d8       14%         4

Your spell library contained the following spells:

 Spells                   Type           Power      Damage    Failure   Level
 Inner Flame              Hex/Fire       15%        N/A       11%         3
 Volatile Blastmotes      Fire/Tloc      30%        2d12      11%         3


Dungeon Overview and Level Annotations

Branches:
Dungeon (5/15) Zot: 1036
 Temple: D:4-7

Altars:
Gozag
Makhleb
Sif Muna
Trog
Uskayaw
Wu Jian
Zin


Innate Abilities, Weirdness & Mutations

You passively map a small area around you.
You are easily found by Zot.
You glow in the dark.
You regain HP and MP as you explore.


Message History

Confirm with . or Enter, or press ? or * to list all spells.
You conjure some foxfire!
The bullfrog hits you. The bullfrog barely misses you.
Casting: Foxfire (safe; 1% risk of failure)
Confirm with . or Enter, or press ? or * to list all spells.
Casting: Flame Wave (dangerous; 14% risk of failure)
Press: ? - help, Dir - look around, f - activate A wave of flame ripples out!
The flame wave engulfs your foxfire.
Your foxfire completely resists.
The flame wave engulfs the yak.
The yak is lightly wounded.
The flame wave engulfs the bullfrog!
The bullfrog is heavily wounded.
The flame wave engulfs your foxfire.
Your foxfire completely resists. (Press . to intensify the flame waves.)
The bullfrog hits you! The yak gores you!
A wave of flame ripples out!
The flame wave engulfs the yak!
The yak is moderately wounded.
The flame wave engulfs the bullfrog!
The bullfrog is severely wounded.
The flame wave engulfs your foxfire.
Your foxfire completely resists.
The flame wave engulfs the hound!
The hound is severely wounded.
The bullfrog barely misses you. The yak gores you!
* * * LOW HITPOINT WARNING * * *
The bullfrog hits you.
* * * LOW HITPOINT WARNING * * *
Unknown command.
You feel much better.
The bullfrog releases a deep croak.
The bullfrog hits you. The yak gores you!
* * * LOW HITPOINT WARNING * * *
Okay, then.
Your foxfire dissipates!
The yak attacks as you move away! The yak gores you!
* * * LOW HITPOINT WARNING * * *
The bullfrog hits you!
You die...

##########~#..#.##~........#
#. ###~#~#..~#~........# #.
##~~~##..#[#~........# #.
#.~#~#..~.##~........# #.
#.~###.#.#.#~..####### #.
#######.~~##~.#.~#~~~.#######
#.
.........~~#.#.#.#~#~........
#.
#########.~##.§.####~#######.
#. #####.~#.#§#@##~~# * ##.
#.....~#~§#F##~~## ##..
#.....~#.#hY#~~.# #.#..#
#.....~##...#~..# #.>...
#.....~~#.#.#~#.# ######
#......~#...#~#.#
#......~#..##~..#
#......~##.#~~#.# #########
#......~~#:#~##.# #........


You could see a yak, a bullfrog and a hound.

Vanquished Creatures
  A black bear (D:5)
  2 phantoms (D:4)
  7 hounds
  An orc priest (D:5)
  An iguana (D:5)
  Jessica (D:2)
  An orc wizard (D:5)
  4 adders
  A worm (D:2)
  A dart slug (D:5)
  5 orcs
  2 ball pythons
  2 bats (D:2)
  4 endoplasms
  2 giant cockroaches (D:4)
  4 goblins (D:2)
  2 hobgoblins (D:2)
  7 jackals
  2 quokkas (D:2)
  A frilled lizard (D:2)
  6 kobolds
  2 rats
59 creatures vanquished.

Vanquished Creatures (others)
  115 foxfires
115 creatures vanquished.

Grand Total: 174 creatures vanquished

Notes
Turn   | Place    | Note
-------+----------+-------------------------------------------
     0 | D:1      | hawla the Meteoran Fire Elementalist began the quest for
                  | the Orb.
     0 | D:1      | Reached XP level 1. HP: 14/14 MP: 5/5
   131 | D:2      | Reached XP level 2. HP: 22/22 MP: 4/6
   131 | D:2      | Noticed Jessica
   138 | D:2      | Killed Jessica
   139 | D:2      | Reached skill level 4 in Fire Magic
   139 | D:2      | Reached XP level 3. HP: 18/27 MP: 3/8
   216 | D:2      | Reached XP level 4. HP: 34/34 MP: 5/10
   562 | D:4      | Learned a level 2 spell: Scorch
   574 | D:4      | Reached skill level 1 in Fighting
   574 | D:4      | Reached XP level 5. HP: 40/40 MP: 6/11
   579 | D:4      | Learned a level 4 spell: Flame Wave
   617 | D:4      | Reached XP level 6. HP: 38/47 MP: 3/12
   635 | D:5      | Entered Level 5 of the Dungeon
   707 | D:5      | Reached skill level 1 in Evocations
   858 | D:5      | Reached skill level 5 in Fire Magic
   941 | D:4      | Reached XP level 7. HP: 49/52 MP: 5/14
  1004 | D:4      | Found an ornate altar of the Wu Jian Council.
  1185 | D:4      | Found Zin's Purification Station.
  1188 | D:4      | Found a glowing silver altar of Zin.
  1191 | D:4      | Bought a potion of curing for 90 gold pieces
  1231 | D:4      | Found a hide-covered altar of Uskayaw.
  1235 | D:4      | Found a burning altar of Makhleb.
  1240 | D:4      | Found a shimmering blue altar of Sif Muna.
  1242 | D:4      | Found a bloodstained altar of Trog.
  1243 | D:4      | Found an opulent altar of Gozag.
  1762 | D:5      | Reached skill level 5 in Spellcasting
  1816 | D:5      | Reached skill level 6 in Fire Magic
  1816 | D:5      | Reached XP level 8. HP: 59/59 MP: 2/17
  1937 | D:5      | Noticed a yak
  1943 | D:5      | Slain by a bullfrog

Illustrated notes

Levels and vault maps discovered:
D:1:      minmay_arrival_five_plusses, layout_basic,
          shapermc_ecumenical_altar_pompeii, chequers_serial_rivers_room_b,
          minmay_worlds_worst_comb
D:2:      layout_basic, uniq_jessica
D:3:      minmay_chambers_of_threes, layout_basic, mainiacjoe_overflow_brackets
D:4:      layout_basic, mainiacjoe_overflow_boulevard, minitemple, zin_purify
D:5:      layout_basic, hangedman_decor_push, minmay_manual_mullet

Skill      XL: |  1  2  3  4  5  6  7 |
---------------+----------------------+-----
Spellcasting   | 3 4 5 |  5.4
Fire Magic     | 4 5 6 |  6.1
Fighting       | 1 |  1.3
Conjurations   | 2 3 4 |  4.6
Evocations     | 3 |  3.0
Dodging        | 3 |  3.6
Short Blades   | |  0.1
Stealth        | |  1.4

Action                     |  1- 3 |  4- 6 |  7- 9 || total
---------------------------+-------+-------+-------++-------
  Melee: Unarmed           |     5 |    14 |     1 ||    20
         Short sword       |       |       |     8 ||     8
   Cast: Foxfire           |    18 |    32 |    23 ||    73
         Scorch            |       |    17 |    15 ||    32
         Flame Wave        |       |     2 |     1 ||     3
    Use: Scroll            |       |     5 |     4 ||     9
         Potion            |       |     1 |     1 ||     2
 Armour: Robe              |     2 |    16 |     3 ||    21
  Dodge: Dodged            |     4 |    35 |    15 ||    54
